cohdb
Replays
Latest Replays
All Replays
Popular Replays
Top Player Replays
Match Explorer
How It Works
Community
CoH3 Stats
Reddit
Sign in to upload your games and track your stats! →
Sign in with Steam
Match 43565318
Unlisted
Match 43565318
Overview
Messages
Build Orders
End
Engineer Squad
Construct Barracks
Riflemen Squad
Riflemen Squad
Infantry Support Center
Mortar Pit
Construct Weapon Support Center
Selects Advanced Infantry Battlegroup
Selects Convert to Ranger Squad
Selects Convert to Ranger Squad
Bazooka Squad
Grenade Package
Selects Frontline Medical Station
Frontline Medical Station
Advanced Logistics
Convert to Ranger Squad
.30 cal Machine Gun
Survival Training
ElaGiwrgi
dl5277
Korto
kyoung5gi
奕奇电脑(郑州百脑汇
Spartan0237
鷹教皇
simranjitsingh713
0
0
Comments
sign in to comment!
No comments posted yet!